 Dungeon Crawl Stone Soup version 0.29.0-11-gd7f09526c8 (webtiles) character file.

Game seed: 10254534328895058908

326 xian the Chopper (level 6, 0/49 HPs)
             Began as a Formicid Berserker on Sept 3, 2022.
             Was an Initiate of Gozag.
             Slain by a polar bear (1 damage)
             ... created by the rage of Trog
             ... on level 5 of the Dungeon.
             The game lasted 00:06:58 (2802 turns).

xian the Chopper (Formicid Berserker)               Turns: 2802, Time: 00:06:58

Health: 0/49       AC:  6    Str: 24    XL:     6   Next: 79%
Magic:  6/6        EV: 13    Int:  6    God:    Gozag
Gold:   114        SH:  0    Dex: 19    Spells: 5/5 levels left

rFire   . . .      SeeInvis +   a - +0 hand axe
rCold   . . .      Faith    .   (no shield)
rNeg    . . .      Spirit   .   b - +0 animal skin
rPois   .          Reflect  .   (helmet unavailable)
rElec   .          Harm     .   (no cloak)
rCorr   .          Rampage  .   (no gloves)
Will    .....                   (no boots)
Stlth   +++.......              (no amulet)
HPRegen 0.16/turn               c - +4 ring of protection
MPRegen 0.10/turn               k - +6 ring of dexterity

@: no status effects
A: permanent stasis, dig shafts and tunnels, antennae 3, four strong arms
a: Dig, Shaft Self, Renounce Religion, Potion Petition, Call Merchant, Bribe
Branch


You were on level 5 of the Dungeon.
You worshipped Gozag.
Gozag was aware of your devotion.
You visited 1 branch of the dungeon, and saw 4 of its levels.

You collected 161 gold pieces.
You paid 47 gold pieces to Gozag.

Inventory:

Hand Weapons
 a - a +0 hand axe (weapon)
 i - a +2 dagger of venom
Missiles
 p - a javelin (quivered)
 r - a poisoned dart
Armour
 b - a +0 animal skin (worn)
 q - a +0 plate armour
Jewellery
 c - a +4 ring of protection (left hand)
 k - a +6 ring of dexterity (right hand)
Scrolls
 h - a scroll of immolation
 l - a scroll of fog
 m - 2 scrolls of vulnerability {unknown}
 n - a scroll of poison
Potions
 d - 2 potions of mutation {unknown}
 e - 3 potions of curing
 f - a potion of invisibility {unknown}
 g - 2 potions of attraction {unknown}
 j - a potion of might {unknown}
 o - 4 potions of degeneration {unknown}
 s - a potion of brilliance {unknown}


   Skills:
 + Level 4.4 Fighting
 + Level 5.1 Axes
 + Level 0.3 Throwing
 + Level 2.2 Armour
 + Level 3.1 Dodging
 + Level 2.9 Stealth


You had 5 spell levels left.
You didn't know any spells.
Your spell library was empty.

Dungeon Overview and Level Annotations

Branches:
Dungeon (3/15)

Altars:
Ashenzari
Dithmenos
Gozag

Annotations:
D:3 3 runed translucent doors, stevemasterson's ghost, amateur MiBe


Innate Abilities, Weirdness & Mutations

You cannot be hasted, slowed, berserked, paralysed or teleported.
You can dig through walls and to a lower floor.
You have a pair of large antennae on your head. (SInv)
Your four strong arms can wield two-handed weapons with a shield.


Message History

The scorpion is no longer distracted by gold.
The scorpion is almost dead.
You feel sick. The scorpion barely misses you.
You hit the scorpion.
You kill the scorpion!
You feel sick.
Your Axes skill increases to level 5!
You feel sick.
You now have 114 gold pieces (gained 5).
You feel sick.
You feel sick.
You are no longer poisoned.
Unknown command.
Trog sends monsters to punish you.
A polar bear and 2 black bears come into view.
The black bear attacks as you move away!
The black bear bites you! The black bear closely misses you.
The black bear claws you but does no damage.
You hear an angry growl.
The polar bear rages.
You throw a javelin.
The javelin pierces through the polar bear.
The polar bear is lightly wounded.
The javelin pierces through the black bear.
The black bear is lightly wounded.
The javelin pierces through the black bear!
The black bear is moderately wounded.
The polar bear barely misses you. x2; The polar bear completely misses you.
You throw a javelin.
The javelin pierces through the polar bear.
The polar bear is lightly wounded.
The javelin pierces through the black bear but does no damage.
The black bear is lightly wounded.
The javelin barely misses the black bear.
The polar bear bites you!!
Ouch! That really hurt!
* * * LOW HITPOINT WARNING * * *
The polar bear claws you.
You die...
Your body crumbles into a pile of gold.

#..hh.....#
##h...(.###
#####..#
#..#
#######..###
#......h...#
#.#####h#..#
#h#.....
#@#.#####
#....#
......#
#.#...##
#.##.## #
#.# #.# #..


You could see a polar bear (berserk) and 2 black bears.

Vanquished Creatures
  An ice beast (D:5)
  A centaur (D:5)
  A scorpion (D:5)
  Terence (D:3)
  3 adders
  A worm (D:2)
  A dart slug (D:3)
  An orc (D:3)
  4 ball pythons (D:1)
  2 endoplasms
  3 giant cockroaches
  3 goblins
  4 hobgoblins
  3 jackals (D:2)
  8 kobolds
  5 bats
  2 frilled lizards (D:1)
  11 rats
55 creatures vanquished.

Notes
Turn   | Place    | Note
-------+----------+-------------------------------------------
     0 | D:1      | xian the Formicid Berserker began the quest for the Orb.
     0 | D:1      | Reached XP level 1. HP: 18/18 MP: 1/1
   235 | D:1      | Reached XP level 2. HP: 24/24 MP: 2/2
   715 | D:1      | Reached XP level 3. HP: 30/30 MP: 3/3
   725 | D:1      | Reached skill level 1 in Stealth
  1236 | D:2      | Reached ** piety under Trog
  1491 | D:2      | Reached XP level 4. HP: 31/37 MP: 4/4
  1642 | D:2      | Found an opulent altar of Gozag.
  2244 | D:3      | Reached skill level 4 in Axes
  2361 | D:3      | Noticed Terence
  2389 | D:3      | Killed Terence
  2390 | D:3      | Reached XP level 5. HP: 21/42 MP: 5/5
  2461 | D:2      | Fell from the grace of Trog
  2461 | D:2      | Became a worshipper of Gozag Ym Sagoz the Greedy
  2562 | D:3      | Found a runed translucent gate.
  2562 | D:3      | Found a runed translucent gate.
  2562 | D:3      | Found a runed translucent gate.
  2563 | D:3      | Noticed stevemasterson's ghost (amateur MiBe)
  2572 | D:3      | You fall into a shaft and drop 2 floors!
  2572 | D:5      | Entered Level 5 of the Dungeon
  2576 | D:5      | Noticed a centaur
  2588 | D:5      | Killed a centaur
  2724 | D:5      | Noticed an ice beast
  2732 | D:5      | Killed an ice beast
  2733 | D:5      | Reached XP level 6. HP: 49/49 MP: 6/6
  2736 | D:5      | Found a shadowy altar of Dithmenos.
  2746 | D:5      | Found a broken altar of Ashenzari.
  2769 | D:5      | Reached skill level 5 in Axes
  2793 | D:5      | Noticed a polar bear
  2793 | D:5      | Noticed a black bear
  2793 | D:5      | Noticed a black bear
  2802 | D:5      | HP: 1/49 [polar bear[the rage of Trog] (25)]
  2802 | D:5      | Slain by a polar bear

Illustrated notes

Levels and vault maps discovered:
D:1:      erik_arrival_blinker_ship, layout_loops_ring
D:2:      layout_basic, basic_altar, serial_glass, glass_columns_a,
          glass_columns_c, glass_columns_c, glass_columns_a, feat_on_display,
          due_unseen_surprise, minivault_14
D:3:      layout_basic, ebering_ghost_rock_garden, mrwooster_statue_mirror,
          kennysheep_small_spiral, uniq_terence
D:5:      layout_loops_ring, kennysheep_little_box, grunt_temple_overflow_open,
          chequers_jeans

Skill      XL: |  1  2  3  4  5  6 |
---------------+-------------------+-----
Stealth        | 1 2 |  2.9
Dodging        | 2 3 |  3.1
Axes           | 4 5 |  5.1
Fighting       | 4 |  4.4
Throwing       | |  0.3
Armour         | |  2.2

Action                   |  1- 3 |  4- 6 || total
-------------------------+-------+-------++-------
Melee: Hand axe          |   123 |    85 ||   208
       Punch             |       |     1 ||     1
Throw: Javelin           |       |     5 ||     5
       Dart              |       |     3 ||     3
  Use: Scroll            |       |     4 ||     4
 Stab: Sleeping          |     6 |     1 ||     7
Armor: Animal skin       |    63 |    38 ||   101
Dodge: Dodged            |    87 |    66 ||   153
